General information
- name: BNet
- type: Ladder team game (AT/RT)
- host: Battle.net
- saver: TheRulerOfBnet
map: DragonFalls
- players: 8
- length: 56:15
- speed: Fast
- version: 1.27 W3XP
- replay type: Public
» download(363 KB)
Players
team 1 (loser)
AuRo. (
green | 192 APM | 5976 actions | 31:04)
5 Priestess of the Moon
3 Trueshot Aura
2 Searing Arrows
3 Naga Sea Witch
2 Frost Arrows
1 Forked Lightning
» actions
| Assign group hotkey | 45 | |
| Build / train | 115 | |
| ESC pressed | 1 | |
| Enter build submenu | 23 | |
| Enter hero's abilities submenu | 8 | |
| Give item / drop item | 1 | |
| Remove unit from queue | 1 | |
| Right click | 2393 | |
| Select / deselect | 646 | |
| Select group hotkey | 2641 | |
| Use ability | 102 | |
5976 total
» units
| Wisp | 36 | |
| Archer | 22 | |
| Hippogryph | 12 | |
70 total
» upgrades
| Improved Bows | 1 | |
| Hippogryph Taming | 1 | |
| Marksmanship | 1 | |
| Strength of the Moon | 2 | |
| Moon Armor | 1 | |
| Druid of the Talon Training | 1 | |
7 total
» buildings
| Altar of Elders | 2 | |
| Moon Well | 8 | |
| Ancient of War | 2 | |
| Tree of Life | 2 | |
| Tree of Ages | 3 | |
| Ancient of Wonders | 2 | |
| Ancient of Wind | 2 | |
| Tree of Eternity | 3 | |
| Hunter's Hall | 1 | |
| Ancient Protector | 4 | |
29 total
» build order
00:11 Altar of Elders
00:23 Altar of Elders
00:25 Moon Well
00:48 Ancient of War
01:37 Moon Well
02:02 Ancient of War
02:51 Moon Well
03:35 Tree of Life
03:54 Moon Well
04:50 Tree of Ages
04:51 Tree of Ages
06:02 Ancient of Wonders
06:17 Ancient of Wonders
07:24 Ancient of Wind
07:26 Ancient of Wind
09:40 Moon Well
09:45 Tree of Eternity
09:45 Tree of Eternity
11:15 Hunter's Hall
11:56 Moon Well
11:59 Moon Well
17:22 Moon Well
18:20 Ancient Protector
18:21 Ancient Protector
18:23 Ancient Protector
18:26 Ancient Protector
23:03 Tree of Life
» items
| Scroll of Healing | 1 | |
| Scroll of Town Portal | 1 | |
| Staff of Preservation | 1 | |
| Dust of Appearance | 1 | |
4 total
L0RK (
blue | 78 APM | 2022 actions | 25:47)
5 Blademaster
3 Wind Walk
2 Critical Strike
5 Shadow Hunter
3 Healing Wave
1 Hex
1 Serpent Ward
» actions
| Assign group hotkey | 35 | |
| Build / train | 136 | |
| Enter build submenu | 23 | |
| Enter hero's abilities submenu | 10 | |
| Give item / drop item | 3 | |
| Remove unit from queue | 2 | |
| Right click | 1015 | |
| Select / deselect | 354 | |
| Select group hotkey | 292 | |
| Use ability | 152 | |
2022 total
» units
| Peon | 18 | |
| Grunt | 12 | |
| Shaman | 8 | |
| Tauren | 17 | |
55 total
» upgrades
| Armor | 2 | |
| Shaman Training | 2 | |
| Melee Weapons | 3 | |
| Pulverize | 1 | |
| Reinforced Defenses | 1 | |
9 total
» buildings
| Altar of Storms | 1 | |
| Orc Burrow | 8 | |
| Voodoo Lounge | 2 | |
| Barracks | 1 | |
| War Mill | 1 | |
| Stronghold | 2 | |
| Watch Tower | 6 | |
| Great Hall | 1 | |
| Fortress | 5 | |
| Spirit Lodge | 1 | |
| Tauren Totem | 2 | |
30 total
» build order
00:07 Altar of Storms
00:14 Orc Burrow
00:31 Voodoo Lounge
00:52 Voodoo Lounge
01:21 Barracks
01:45 Orc Burrow
02:40 War Mill
03:12 Stronghold
03:12 Stronghold
03:58 Orc Burrow
04:49 Watch Tower
06:11 Great Hall
06:24 Orc Burrow
06:58 Fortress
06:59 Fortress
06:59 Fortress
08:58 Spirit Lodge
10:31 Tauren Totem
10:32 Tauren Totem
11:59 Orc Burrow
12:04 Watch Tower
14:41 Watch Tower
15:05 Watch Tower
16:32 Watch Tower
16:36 Orc Burrow
18:44 Orc Burrow
18:46 Orc Burrow
21:29 Watch Tower
» items
| Healing Salve | 3 | |
| Lesser Clarity Potion | 8 | |
| Scroll of Speed | 1 | |
| Scroll of Town Portal | 1 | |
| Orb of Lightning | 1 | |
| Potion of Healing | 5 | |
| Potion of Mana | 3 | |
22 total

»
dlfjsrotlqkf (
purple | 40 APM | 2256 actions | 56:15)
3 Blademaster
2 Wind Walk
1 Critical Strike
2 Shadow Hunter
1 Hex
1 Healing Wave
1 Priestess of the Moon
1 Starfall
» actions
| Assign group hotkey | 118 | |
| Basic commands | 46 | |
| Build / train | 63 | |
| ESC pressed | 1 | |
| Enter build submenu | 25 | |
| Enter hero's abilities submenu | 6 | |
| Give item / drop item | 1 | |
| Right click | 1300 | |
| Select / deselect | 344 | |
| Select group hotkey | 245 | |
| Use ability | 107 | |
2256 total
» units
| Peon | 8 | |
| Raider | 14 | |
| Troll Witch Doctor | 3 | |
| Troll Batrider | 1 | |
26 total
» upgrades
| Pillage | 1 | |
| Melee Weapons | 2 | |
| Ensnare | 1 | |
| Armor | 2 | |
| Reinforced Defenses | 1 | |
| Witch Doctor Training | 2 | |
9 total
» buildings
| Orc Burrow | 6 | |
| Altar of Storms | 1 | |
| Voodoo Lounge | 1 | |
| Stronghold | 1 | |
| Barracks | 1 | |
| War Mill | 1 | |
| Beastiary | 5 | |
| Fortress | 1 | |
| Watch Tower | 2 | |
| Spirit Lodge | 3 | |
22 total
» build order
00:11 Orc Burrow
00:19 Altar of Storms
01:13 Voodoo Lounge
02:08 Stronghold
02:29 Barracks
02:54 War Mill
04:12 Orc Burrow
04:47 Beastiary
04:53 Beastiary
04:57 Beastiary
05:07 Orc Burrow
05:25 Orc Burrow
11:48 Fortress
13:47 Watch Tower
16:17 Beastiary
16:27 Beastiary
16:42 Spirit Lodge
16:46 Spirit Lodge
16:56 Spirit Lodge
17:28 Orc Burrow
19:10 Watch Tower
21:18 Orc Burrow
» items
| Healing Salve | 2 | |
| Scroll of Speed | 2 | |
| Lesser Clarity Potion | 3 | |
| Potion of Healing | 2 | |
| Orb of Lightning | 1 | |
| Boots of Speed | 1 | |
| Potion of Mana | 1 | |
| Potion of Invisibility | 1 | |
13 total
TheRulerOfBnet (
orange | 76 APM | 4272 actions | 56:15)
10 Blademaster
3 Wind Walk
3 Critical Strike
1 Bladestorm
3 Mirror Image
» actions
| Assign group hotkey | 141 | |
| Basic commands | 61 | |
| Build / train | 177 | |
| ESC pressed | 15 | |
| Enter build submenu | 48 | |
| Enter hero's abilities submenu | 10 | |
| Give item / drop item | 31 | |
| Remove unit from queue | 2 | |
| Right click | 1923 | |
| Select / deselect | 406 | |
| Select group hotkey | 1068 | |
| Use ability | 390 | |
4272 total
» units
| Peon | 18 | |
| Grunt | 8 | |
| Troll Headhunter/Berserker | 9 | |
| Goblin Shredder | 4 | |
| Goblin Zeppelin | 19 | |
| Green Dragon | 6 | |
| Wind Rider | 3 | |
67 total
» upgrades
| Armor | 3 | |
| Berserker Strength | 1 | |
| Ranged Weapons | 3 | |
| Berserker Upgrade | 1 | |
| Reinforced Defenses | 1 | |
| Pillage | 2 | |
| Troll Regeneration | 2 | |
| Envenomed Spears | 1 | |
| Liquid Fire | 1 | |
| Spiked Barricades | 3 | |
| Ensnare | 1 | |
| War Drums Damage Increase | 1 | |
| Melee Weapons | 3 | |
23 total
» buildings
| Orc Burrow | 13 | |
| Altar of Storms | 2 | |
| Barracks | 2 | |
| Voodoo Lounge | 2 | |
| Stronghold | 4 | |
| War Mill | 1 | |
| Great Hall | 4 | |
| Fortress | 4 | |
| Watch Tower | 14 | |
| Beastiary | 4 | |
50 total
» build order
00:08 Orc Burrow
01:04 Orc Burrow
01:10 Altar of Storms
01:12 Barracks
02:01 Voodoo Lounge
02:28 Orc Burrow
02:31 Orc Burrow
04:06 Stronghold
04:06 Stronghold
04:45 War Mill
05:16 Great Hall
05:46 Orc Burrow
07:17 Fortress
07:17 Fortress
07:17 Fortress
07:24 Watch Tower
07:29 Watch Tower
07:31 Watch Tower
09:34 Watch Tower
09:35 Watch Tower
09:36 Watch Tower
10:46 Orc Burrow
10:47 Watch Tower
10:50 Watch Tower
10:54 Watch Tower
10:57 Orc Burrow
11:04 Orc Burrow
11:24 Orc Burrow
11:37 Barracks
11:39 Watch Tower
12:07 Orc Burrow
12:50 Voodoo Lounge
13:23 Watch Tower
18:22 Beastiary
18:24 Beastiary
18:32 Beastiary
18:36 Beastiary
18:40 Watch Tower
19:36 Great Hall
21:04 Altar of Storms
34:21 Great Hall
35:37 Watch Tower
35:56 Orc Burrow
36:01 Orc Burrow
37:30 Orc Burrow
38:58 Great Hall
43:20 Watch Tower
» items
| Healing Salve | 8 | |
| Lesser Clarity Potion | 9 | |
| Boots of Speed | 3 | |
| Staff of Teleportation | 1 | |
| Periapt of Vitality | 1 | |
| Potion of Lesser Invulnerability | 1 | |
| Orb of Lightning | 1 | |
| Scroll of Town Portal | 5 | |
| Potion of Healing | 1 | |
30 total
team 2 (winner)

»
merches2103 (
teal | 45 APM | 2045 actions | 45:51)
7 Demon Hunter
3 Mana Burn
3 Evasion
1 Metamorphosis
6 Keeper of the Grove
3 Entangling Roots
3 Force of Nature
» actions
| Assign group hotkey | 17 | |
| Basic commands | 28 | |
| Build / train | 129 | |
| Enter build submenu | 38 | |
| Enter hero's abilities submenu | 13 | |
| Give item / drop item | 5 | |
| Right click | 1144 | |
| Select / deselect | 430 | |
| Select group hotkey | 81 | |
| Use ability | 160 | |
2045 total
» units
| Wisp | 54 | |
| Archer | 23 | |
| Hippogryph | 17 | |
94 total
» upgrades
| Hippogryph Taming | 1 | |
| Improved Bows | 1 | |
2 total
» buildings
| Altar of Elders | 2 | |
| Moon Well | 11 | |
| Ancient of War | 5 | |
| Tree of Ages | 4 | |
| Tree of Life | 8 | |
| Ancient of Wind | 5 | |
| Ancient of Wonders | 2 | |
| Tree of Eternity | 3 | |
40 total
» build order
00:22 Altar of Elders
00:28 Moon Well
01:04 Ancient of War
01:41 Moon Well
02:12 Ancient of War
02:36 Moon Well
03:20 Tree of Ages
04:35 Tree of Life
05:12 Moon Well
06:21 Ancient of Wind
07:50 Ancient of Wind
09:12 Ancient of Wonders
11:01 Tree of Eternity
14:36 Tree of Life
14:42 Tree of Life
18:57 Tree of Ages
21:13 Tree of Life
21:20 Moon Well
21:22 Moon Well
21:24 Moon Well
21:25 Moon Well
21:29 Ancient of Wonders
21:46 Tree of Ages
21:57 Ancient of War
22:40 Ancient of War
22:41 Ancient of War
22:44 Moon Well
25:19 Tree of Eternity
25:37 Ancient of Wind
26:20 Moon Well
26:31 Moon Well
28:00 Tree of Ages
28:06 Tree of Life
31:53 Tree of Life
32:47 Tree of Eternity
35:12 Ancient of Wind
35:24 Ancient of Wind
37:31 Tree of Life
39:26 Altar of Elders
39:46 Tree of Life
» items
| Circlet of Nobility | 2 | |
| Staff of Teleportation | 2 | |
| Moonstone | 1 | |
| Periapt of Vitality | 2 | |
| Boots of Speed | 2 | |
| Potion of Lesser Invulnerability | 1 | |
| Dust of Appearance | 1 | |
11 total
HUAWEISUCK (
pink | 58 APM | 3287 actions | 56:15)
6 Archmage
3 Summon Water Elemental
2 Brilliance Aura
1 Mass Teleport
5 Paladin
3 Holy Light
2 Divine Shield
» actions
| Assign group hotkey | 152 | |
| Basic commands | 222 | |
| Build / train | 146 | |
| ESC pressed | 10 | |
| Enter build submenu | 44 | |
| Enter hero's abilities submenu | 11 | |
| Give item / drop item | 9 | |
| Remove unit from queue | 4 | |
| Right click | 786 | |
| Select / deselect | 857 | |
| Select group hotkey | 596 | |
| Use ability | 447 | |
3287 total
» units
| Peasant | 12 | |
| Rifleman | 12 | |
| Sorceress | 7 | |
| Spell Breaker | 8 | |
| Siege Engine | 6 | |
| Goblin Shredder | 1 | |
| Priest | 4 | |
| Knight | 3 | |
| Dragonhawk Rider | 1 | |
| Mortar Team | 1 | |
55 total
» upgrades
| Lumber Harvesting | 2 | |
| Long Rifles | 2 | |
| Sorceress Training | 2 | |
| Masonry | 2 | |
| Plating | 3 | |
| Barrage | 1 | |
| Swords | 3 | |
| Gunpowder | 3 | |
| Priest Training | 2 | |
| Animal War Training | 1 | |
| Storm Hammers | 0 | |
| Cloud | 1 | |
| Fragmentation Shards | 1 | |
| Armor | 2 | |
25 total
» buildings
| Farm | 16 | |
| Altar of Kings | 1 | |
| Lumber Mill | 2 | |
| Barracks | 1 | |
| Scout Tower | 8 | |
| Blacksmith | 2 | |
| Arcane Tower | 3 | |
| Arcane Vault | 1 | |
| Keep | 5 | |
| Guard Tower | 6 | |
| Town Hall | 1 | |
| Arcane Sanctum | 2 | |
| Castle | 1 | |
| Workshop | 2 | |
| Gryphon Aviary | 1 | |
52 total
» build order
00:21 Farm
00:29 Altar of Kings
00:56 Lumber Mill
01:09 Barracks
01:38 Farm
01:41 Farm
01:44 Farm
02:11 Scout Tower
02:14 Scout Tower
02:18 Blacksmith
02:50 Arcane Tower
02:50 Arcane Tower
02:59 Farm
03:40 Farm
03:59 Arcane Vault
04:13 Keep
04:13 Keep
04:14 Keep
04:33 Scout Tower
05:11 Guard Tower
05:15 Scout Tower
05:58 Town Hall
06:13 Scout Tower
06:20 Scout Tower
06:25 Guard Tower
06:51 Guard Tower
07:05 Blacksmith
08:16 Arcane Sanctum
08:31 Scout Tower
08:38 Farm
09:14 Scout Tower
09:16 Guard Tower
09:45 Lumber Mill
10:56 Guard Tower
10:56 Guard Tower
10:57 Farm
10:59 Farm
11:09 Farm
11:53 Farm
11:58 Castle
12:13 Workshop
12:39 Farm
13:42 Arcane Sanctum
13:45 Farm
14:43 Gryphon Aviary
16:17 Workshop
19:04 Farm
26:22 Farm
40:23 Farm
» items
| Healing Salve | 1 | |
| Scroll of Speed | 1 | |
| Lesser Clarity Potion | 2 | |
| Dust of Appearance | 2 | |
| Boots of Speed | 1 | |
| Potion of Invisibility | 2 | |
| Scroll of Protection | 2 | |
| Scroll of Healing | 1 | |
| Periapt of Vitality | 3 | |
| Potion of Lesser Invulnerability | 2 | |
| Scroll of Town Portal | 2 | |
| Staff of Teleportation | 1 | |
| Orb of Fire | 1 | |
21 total
nh- (
red | 26 APM | 1485 actions | 56:15)
6 Keeper of the Grove
3 Entangling Roots
2 Thorns Aura
1 Tranquility
» actions
| Basic commands | 23 | |
| Build / train | 69 | |
| Enter build submenu | 18 | |
| Enter hero's abilities submenu | 6 | |
| Right click | 916 | |
| Select / deselect | 369 | |
| Use ability | 84 | |
1485 total
» units
| Wisp | 23 | |
| Huntress | 12 | |
| Dryad | 11 | |
| Druid of the Claw | 3 | |
| Hippogryph | 3 | |
52 total
» upgrades
| Strength of the Wild | 2 | |
| Reinforced Hides | 1 | |
| Abolish Magic | 1 | |
| Druid of the Claw Training | 2 | |
6 total
» buildings
| Altar of Elders | 1 | |
| Hunter's Hall | 1 | |
| Moon Well | 6 | |
| Ancient of War | 2 | |
| Ancient of Wonders | 1 | |
| Tree of Ages | 1 | |
| Ancient of Lore | 4 | |
| Tree of Eternity | 1 | |
| Tree of Life | 1 | |
18 total
» build order
00:40 Altar of Elders
01:05 Hunter's Hall
01:32 Moon Well
02:51 Ancient of War
03:34 Ancient of War
05:10 Moon Well
05:16 Moon Well
05:37 Ancient of Wonders
06:36 Tree of Ages
09:05 Ancient of Lore
09:08 Ancient of Lore
10:50 Tree of Eternity
11:40 Moon Well
14:42 Ancient of Lore
16:19 Ancient of Lore
17:15 Moon Well
24:39 Tree of Life
33:31 Moon Well
» items
| Dust of Appearance | 1 | |
| Lesser Clarity Potion | 1 | |
2 total
GAVE-TRUMP-A-BJ (
yellow | 58 APM | 3246 actions | 56:11)
6 Blademaster
3 Wind Walk
2 Critical Strike
1 Bladestorm
6 Shadow Hunter
3 Hex
2 Healing Wave
1 Big Bad Voodoo
» actions
| Assign group hotkey | 55 | |
| Basic commands | 231 | |
| Build / train | 85 | |
| Enter build submenu | 26 | |
| Enter hero's abilities submenu | 12 | |
| Give item / drop item | 3 | |
| Remove unit from queue | 3 | |
| Right click | 1283 | |
| Select / deselect | 365 | |
| Select group hotkey | 1000 | |
| Use ability | 183 | |
3246 total
» units
| Peon | 12 | |
| Grunt | 3 | |
| Goblin Shredder | 2 | |
| Wind Rider | 9 | |
| Troll Batrider | 4 | |
| Goblin Sapper | 10 | |
| Goblin Zeppelin | 4 | |
44 total
» upgrades
| Ranged Weapons | 2 | |
| Reinforced Defenses | 1 | |
| Armor | 2 | |
| Envenomed Spears | 1 | |
| Liquid Fire | 1 | |
7 total
» buildings
| Altar of Storms | 1 | |
| Orc Burrow | 6 | |
| Barracks | 1 | |
| Voodoo Lounge | 2 | |
| Stronghold | 2 | |
| Great Hall | 3 | |
| War Mill | 1 | |
| Fortress | 1 | |
| Beastiary | 4 | |
| Watch Tower | 23 | |
44 total
» build order
00:07 Altar of Storms
00:22 Orc Burrow
00:37 Barracks
01:23 Orc Burrow
01:54 Voodoo Lounge
03:12 Stronghold
03:43 Great Hall
04:35 Orc Burrow
04:39 War Mill
05:17 Orc Burrow
06:54 Fortress
07:49 Beastiary
07:51 Beastiary
08:18 Watch Tower
08:19 Watch Tower
08:19 Watch Tower
08:19 Watch Tower
08:21 Watch Tower
08:54 Watch Tower
08:55 Watch Tower
09:44 Beastiary
11:10 Watch Tower
11:10 Watch Tower
11:11 Watch Tower
11:13 Watch Tower
11:13 Watch Tower
11:13 Watch Tower
11:27 Orc Burrow
12:49 Orc Burrow
15:30 Great Hall
15:32 Watch Tower
15:32 Watch Tower
15:32 Watch Tower
16:25 Beastiary
16:41 Watch Tower
16:42 Watch Tower
16:42 Watch Tower
17:40 Watch Tower
17:40 Watch Tower
17:49 Watch Tower
17:50 Watch Tower
22:06 Stronghold
22:09 Voodoo Lounge
24:44 Great Hall
» items
| Healing Salve | 1 | |
| Scroll of Town Portal | 5 | |
| Dust of Appearance | 1 | |
| Scroll of Healing | 1 | |
| Potion of Lesser Invulnerability | 1 | |
| Staff of Teleportation | 2 | |
| Boots of Speed | 1 | |
| Orb of Lightning | 1 | |
13 total
Chat log
(00:39 / Allies) dlfjsrotlqkf: 3 orc. BM rush?
(00:43 / Allies) AuRo.: iget range
(00:47 / All) GAVE-TRUMP-A-BJ: who y'all voting for
(00:54 / Allies) L0RK: aight
(00:55 / All) merches2103: i am presidente
(00:56 / Allies) L0RK: melee
(01:41 / All) TheRulerOfBnet: Trump is gonna be president
(01:45 / All) GAVE-TRUMP-A-BJ: u got rocket league?
(01:46 / All) TheRulerOfBnet: he's gonna make america great again
(01:54 / All) TheRulerOfBnet: no
(02:16 / All) TheRulerOfBnet: Trump is going to cast down shillary
(02:22 / All) TheRulerOfBnet: and put her in jail
(02:37 / All) nh-: thats disgusting..
(02:47 / All) TheRulerOfBnet: Can't wait to see the leaks from assange today
(03:04 / All) TheRulerOfBnet: he's going to make hillary sink even further too
(05:13 / Allies) AuRo.: k
(05:55 / Allies) AuRo.: go hit
(07:14 / Allies) TheRulerOfBnet: need to heal
(07:21 / Allies) AuRo.: k
(11:52 / Allies) TheRulerOfBnet: wood me if you got spare
(12:01 / Allies) TheRulerOfBnet: ty
(12:35 / All) HUAWEISUCK: go
(16:39 / Allies) dlfjsrotlqkf: green move ur archer
(16:43 / Allies) AuRo.: k
(16:44 / Allies) AuRo.: thx
(17:05 / Allies) L0RK: plan??
(17:11 / Allies) AuRo.: hit red
(17:28 / Allies) L0RK: kk
(17:39 / Allies) L0RK: goooo
(17:43 / Allies) AuRo.: go go go
(20:46 / Allies) dlfjsrotlqkf: OJ
(20:50 / Allies) dlfjsrotlqkf: U had to fight together
(20:57 / Allies) TheRulerOfBnet: I'm good thanks
(20:58 / Allies) AuRo.: oj = 4739 gold
(21:04 / Allies) AuRo.: no units
(21:08 / Allies) TheRulerOfBnet: 50 food of units
(21:14 / Allies) AuRo.: fuck that
(21:17 / Allies) AuRo.: make units
(21:22 / Allies) AuRo.: or end gold
(21:25 / Allies) AuRo.: send
(21:33 / Allies) TheRulerOfBnet: I like to have a good stockpile of gold
(21:37 / Allies) TheRulerOfBnet: never know when you might need it
(21:44 / Allies) AuRo.: fuck, u noob a lot
(21:54 / Allies) AuRo.: send 300
(21:57 / Allies) AuRo.: to me
(22:07 / Allies) TheRulerOfBnet: there you go
(22:07 / Allies) AuRo.: gold team
(22:16 / Allies) AuRo.: gold !!!
(22:21 / Allies) AuRo.: for the win
(22:24 / Allies) TheRulerOfBnet: I gave you gold
(22:31 / Allies) AuRo.: more
(22:34 / Allies) AuRo.: MORE
(22:45 / Allies) AuRo.: gold team !!!!!!!
(22:49 / Allies) AuRo.: dont spend time !
(22:53 / Allies) AuRo.: gold o
(22:56 / Allies) AuRo.: gold !!!!!!!!!!!!!
(23:00 / Allies) AuRo.: gold !
(23:02 / All) GAVE-TRUMP-A-BJ: green if i wasnt rusty i would have raped ur heroes more than i already have beeen
(23:13 / Allies) TheRulerOfBnet: I'll give you some gold if you pay interest
(23:22 / Allies) TheRulerOfBnet: how about for every 100, you give me 1000
(23:43 / Allies) AuRo.: tp orange !!!
(24:00 / Allies) dlfjsrotlqkf: fuck
(24:03 / Allies) TheRulerOfBnet: ain't nearby to tp
(24:08 / Allies) TheRulerOfBnet: My blademaster is here
(24:09 / Allies) dlfjsrotlqkf: stfu bitch!
(24:14 / Allies) dlfjsrotlqkf: we lost becuz U got it?
(24:18 / Allies) TheRulerOfBnet: I'll talk if I want buddy
(24:21 / All) AuRo.: ORANGE IS PATHETIC
(24:26 / All) AuRo.: TOTAL DUMB !!!
(24:30 / All) TheRulerOfBnet: My team is harassing me
(24:37 / All) GAVE-TRUMP-A-BJ: stfu orange was ur mvp
(24:37 / All) TheRulerOfBnet: I did nothing wrong
(24:42 / All) TheRulerOfBnet: and they're saying mean things
(24:43 / All) AuRo.: 7000 gold
(24:47 / All) AuRo.: and has nothing
(24:47 / All) TheRulerOfBnet: I am being harassed
(24:51 / All) GAVE-TRUMP-A-BJ: LOL GREEN
(24:52 / All) TheRulerOfBnet: I have 50 food
(24:53 / All) GAVE-TRUMP-A-BJ: I HAVE 10K GOLD
(24:57 / All) GAVE-TRUMP-A-BJ: ASK MY ALIES RETARD
(25:00 / All) GAVE-TRUMP-A-BJ: i have ten k too
(25:01 / All) TheRulerOfBnet: I have a level 10 dragon and a bunch of trolls
(25:06 / All) TheRulerOfBnet: 7 trolls in fact
(25:16 / All) TheRulerOfBnet: and I just killed some satyrs who were guarding a goblin laboratory
(25:19 / All) TheRulerOfBnet: I got me a sobi mask from that
(25:23 / All) TheRulerOfBnet: what've you been doing all game, punk?
(25:32 / All) AuRo.: orange... go to hell bro
(25:38 / All) AuRo.: kill yourself
(25:46 / All) GAVE-TRUMP-A-BJ: GREEN STFU i have 10k gold too
(25:47 / All) GAVE-TRUMP-A-BJ: its fair
(25:49 / All) TheRulerOfBnet: remember the campaign mission where you need to save lots of gold in case you need it later?
(25:50 / All) GAVE-TRUMP-A-BJ: 3v3
(25:52 / All) TheRulerOfBnet: that's like this game
(25:56 / All) TheRulerOfBnet: I never know if I might need it
(26:04 / All) TheRulerOfBnet: I don't think you guys would know what you were doing with it
(26:40 / Allies) AuRo.: hey orange, i hope we never play again
(26:45 / All) TheRulerOfBnet: two level 10 dragons!!!
(26:48 / Allies) AuRo.: just me vs u
(26:51 / Allies) TheRulerOfBnet: I did nothing wrong man
(26:56 / Allies) TheRulerOfBnet: why are you so mean
(27:02 / Allies) TheRulerOfBnet: I am reporting you for harassment
(27:06 / Allies) TheRulerOfBnet: kiss your cd key goodbye
(27:07 / Allies) AuRo.: yeah, if u disc at earlie game
(27:10 / Allies) AuRo.: we won
(27:15 / Allies) TheRulerOfBnet: you're gonna get banned trash
(27:19 / Allies) AuRo.: fuck u morron
(27:23 / Allies) AuRo.: loock tha
(27:27 / Allies) TheRulerOfBnet: how mad you are bro?
(27:41 / Allies) AuRo.: no team work
(27:45 / Allies) TheRulerOfBnet: team work
(27:51 / Allies) AuRo.: 7k gold and make nothing
(27:54 / Allies) TheRulerOfBnet: I carry you noob
(28:01 / Allies) AuRo.: carry me?
(28:04 / Allies) TheRulerOfBnet: I'm making a path through the enemy base
(28:08 / Allies) AuRo.: Im auro bro !
(28:09 / Allies) dlfjsrotlqkf: OJ
(28:14 / Allies) dlfjsrotlqkf: from?
(28:19 / Allies) TheRulerOfBnet: Brazil
(28:22 / Allies) TheRulerOfBnet: you?
(28:23 / Allies) AuRo.: aff
(28:25 / Allies) AuRo.: vai se fuder
(28:31 / Allies) dlfjsrotlqkf: U know?
(28:32 / Allies) AuRo.: vai tomar no cu, brasileiro so fazendo merda
(28:39 / Allies) TheRulerOfBnet: oh damn I'm not actually brazilian
(28:44 / Allies) TheRulerOfBnet: didn't think we'd have some real hue trash here
(28:49 / All) TheRulerOfBnet: Green is a hue monkey
(29:04 / All) AuRo.: 10153 gold !!!!!!!!!!
(29:06 / Allies) AuRo.: OMG!!
(29:14 / All) AuRo.: AND HAVE 6 TROLLS AND 1 BM
(29:15 / Allies) AuRo.: HAHAHAHAHA
(29:33 / All) AuRo.: THE MOST PATHETIC PLAYER EVER !
(29:39 / All) TheRulerOfBnet: uh oh
(29:42 / All) TheRulerOfBnet: i think they got me man
(29:58 / Allies) AuRo.: U THINK THAT?
(30:00 / Allies) AuRo.: OMG
(30:03 / Allies) AuRo.: REALLY???
(30:06 / Allies) dlfjsrotlqkf: remember OJ
(30:06 / Allies) AuRo.: HAHAHA
(30:08 / All) TheRulerOfBnet: I don't know if I got this guys
(30:11 / All) TheRulerOfBnet: I just lost everything
(30:15 / Allies) dlfjsrotlqkf: U will not use that acc anymore
(30:19 / All) HUAWEISUCK: GG
(30:19 / Allies) AuRo.: YOUR EVERYTHING = 6 TROLLS
(30:20 / All) TheRulerOfBnet: but I have lots of gold saved up because I remembered the campaign mission
(30:26 / All) nh-: lol yellow tking
(30:29 / All) TheRulerOfBnet: what should I make guys?
(30:32 / All) TheRulerOfBnet: I have 10k golds
(30:37 / All) nh-: console player faggot
(30:39 / All) nh-: lmao
(30:45 / All) GAVE-TRUMP-A-BJ: lawl
(30:46 / All) TheRulerOfBnet: Consoles are for real gamers
(30:51 / All) GAVE-TRUMP-A-BJ: PS4 NO ONE BITCHES
(30:51 / All) nh-: LOL
(30:52 / All) TheRulerOfBnet: pcs are for neckbeard losers
(30:53 / Allies) AuRo.: yea oj, kill yoursellfe
(31:00 / Allies) TheRulerOfBnet: that's not nice
(31:04 / All) nh-: sony is bankrupt and cant sell dem ps4s
(31:41 / All) nh-: yellow why so bad? you rocket league faggot lmao
(31:44 / All) nh-: ahahhahaha
(31:48 / All) GAVE-TRUMP-A-BJ: PS4 RAPES PC
(31:48 / All) nh-: ROCKET LEAGUE HAHAHAHA
(32:17 / All) nh-: only retards buy consoles]
(32:25 / All) nh-: because they cant work a PC
(32:25 / All) HUAWEISUCK: lol
(32:28 / All) GAVE-TRUMP-A-BJ: i bought my ps4 playing wow tho lawl
(32:31 / All) TheRulerOfBnet: I have a verified IQ of 140 my good man
(32:32 / All) HUAWEISUCK: so close..
(32:40 / All) TheRulerOfBnet: I'm a certified genius
(32:51 / All) nh-: you're a certified retard
(32:51 / All) TheRulerOfBnet: in fact I almost qualify for mensa
(32:57 / All) GAVE-TRUMP-A-BJ: ok reds keeper needs to get the axe
(33:05 / All) nh-: with a plaque and everything
(33:35 / All) GAVE-TRUMP-A-BJ: die bambi die
(33:46 / All) nh-: noobie console player gtfo wc3
(33:48 / All) TheRulerOfBnet: Report my team
(33:50 / All) nh-: stupid dumb faggot
(33:52 / All) GAVE-TRUMP-A-BJ: green is retarded
(33:52 / All) TheRulerOfBnet: they all have been harassing me all game
(33:56 / All) GAVE-TRUMP-A-BJ: said oj wasnt spending gold
(33:57 / All) TheRulerOfBnet: and telling me to do stuff like kill myself
(33:59 / All) GAVE-TRUMP-A-BJ: when i had more gold probably
(34:06 / All) TheRulerOfBnet: that's offensive behaviour and unacceptable
(34:25 / All) GAVE-TRUMP-A-BJ: die mexican
(34:28 / All) GAVE-TRUMP-A-BJ: america #1
(34:36 / All) nh-: yellow thought you were a mexican?
(34:43 / All) GAVE-TRUMP-A-BJ: im a lazy american
(34:44 / All) nh-: I think you are lol
(34:44 / All) GAVE-TRUMP-A-BJ: son
(34:56 / All) GAVE-TRUMP-A-BJ: id kill myself if i was black oir mexican
(35:00 / All) GAVE-TRUMP-A-BJ: i could live with asian
(35:20 / All) TheRulerOfBnet: People are such jerkwads on the internet
(35:26 / All) TheRulerOfBnet: my allies would never tell me to kill myself to my face
(36:50 / All) GAVE-TRUMP-A-BJ: oh purple
(37:29 / All) GAVE-TRUMP-A-BJ: noob red lol
(37:31 / All) GAVE-TRUMP-A-BJ: consoles rape yo
(37:38 / All) nh-: lol faggot
(37:42 / All) nh-: you suck so bad
(37:48 / All) nh-: its hilarious
(37:57 / All) GAVE-TRUMP-A-BJ: lawl
(38:18 / All) TheRulerOfBnet: Consoles are for true gamers
(38:21 / All) TheRulerOfBnet: PCs are for nerds
(38:23 / All) GAVE-TRUMP-A-BJ: dead teal keeper
(38:27 / All) TheRulerOfBnet: do you even like video games?
(38:59 / All) GAVE-TRUMP-A-BJ: dead
(40:01 / Allies) TheRulerOfBnet: Bad boy
(40:10 / Allies) TheRulerOfBnet: trying to grief me bro?
(40:20 / All) GAVE-TRUMP-A-BJ: gonnna rape teal right here
(40:22 / All) TheRulerOfBnet: My ally was tking me with their hero
(40:26 / All) TheRulerOfBnet: trying to kill my voodoo lounge
(40:30 / All) TheRulerOfBnet: I'm reporting my whole team to blizzard
(40:39 / All) TheRulerOfBnet: sending this in to hacks@blizzard.net
(40:46 / Allies) TheRulerOfBnet: you're going to get banned
(40:50 / Allies) TheRulerOfBnet: and never going to play wc3 again
(40:51 / Allies) dlfjsrotlqkf: How Blizzard think who is tker?
(40:59 / Allies) TheRulerOfBnet: you tried to kill my voodoo lounge
(41:01 / Allies) dlfjsrotlqkf: try
(41:03 / Allies) TheRulerOfBnet: I think you're the real tker
(41:09 / Allies) dlfjsrotlqkf: report to Bliz
(41:20 / Allies) dlfjsrotlqkf: It's my hope
(41:27 / Allies) TheRulerOfBnet: how does your last game of wc3 feel?
(41:29 / All) GAVE-TRUMP-A-BJ: noob lol
(41:32 / All) dlfjsrotlqkf: hey
(41:34 / Allies) TheRulerOfBnet: you're going to get your IP banned forever
(41:34 / All) GAVE-TRUMP-A-BJ: consoles #11
(41:36 / All) dlfjsrotlqkf: why don't quit this game
(41:38 / All) dlfjsrotlqkf: kill OJ
(41:53 / All) dlfjsrotlqkf: OJ didn't join fighting
(41:56 / All) HUAWEISUCK: oj can kill yellow now
(42:02 / All) dlfjsrotlqkf: He's a tker
(42:04 / All) TheRulerOfBnet: I'm a fighter
(42:06 / All) dlfjsrotlqkf: kill him fast!
(42:10 / All) TheRulerOfBnet: I fought the enemy team lots of times with my blademaster
(42:20 / All) TheRulerOfBnet: I take inspiration from custom maps like DOTA, my favourite
(42:24 / All) TheRulerOfBnet: I'm a top ranked DOTA player
(42:37 / All) TheRulerOfBnet: and high ELL in league of legends
(43:20 / All) dlfjsrotlqkf: yellow
(43:22 / All) GAVE-TRUMP-A-BJ: yes
(43:25 / All) dlfjsrotlqkf: don't chase him and
(43:28 / All) dlfjsrotlqkf: kill OJ
(43:32 / All) dlfjsrotlqkf: end this game
(43:32 / All) GAVE-TRUMP-A-BJ: fear not purple, i killed my team for you
(43:34 / All) GAVE-TRUMP-A-BJ: they really sucked
(43:40 / All) TheRulerOfBnet: My team is all jerks
(43:42 / All) dlfjsrotlqkf: hey
(43:48 / All) dlfjsrotlqkf: I want OJ's fail
(43:54 / All) dlfjsrotlqkf: kill OJ and win fast
(43:54 / All) TheRulerOfBnet: fortunately, this is their last game of warcraft 3!
(43:59 / All) dlfjsrotlqkf: OJ must die
(44:11 / All) dlfjsrotlqkf: yellow
(44:12 / All) dlfjsrotlqkf: plz
(44:20 / All) dlfjsrotlqkf: kill OJ fast and end
(44:24 / All) dlfjsrotlqkf: fast
(44:30 / All) TheRulerOfBnet: Purp do you want your own team to be killed?
(44:35 / All) TheRulerOfBnet: who's the tker now?4
(44:39 / All) dlfjsrotlqkf: stfu OJ bitch
(44:44 / All) GAVE-TRUMP-A-BJ: rofl
(44:48 / All) dlfjsrotlqkf: I didn't say to U
(44:55 / All) TheRulerOfBnet: You're a tker purple
(44:58 / All) TheRulerOfBnet: you want your own team to die
(45:06 / All) dlfjsrotlqkf: TKer is U bitch
(45:06 / All) TheRulerOfBnet: that's intent to tk you just have no units so you get him to
(45:11 / All) dlfjsrotlqkf: U didn't join teamfighting
(45:15 / All) TheRulerOfBnet: all you think about in that sick head of yours is teamkilling
(45:16 / All) dlfjsrotlqkf: just 1ce
(45:19 / All) TheRulerOfBnet: this game has rules for a reason you know
(45:29 / All) TheRulerOfBnet: to create a good, competitive environment
(45:33 / All) dlfjsrotlqkf: just stfu idiot
(45:49 / All) dlfjsrotlqkf: The fact is U R the tker and the fucker
(45:57 / All) GAVE-TRUMP-A-BJ: fuck off purple!!!!!!!!
(46:00 / All) TheRulerOfBnet: You're the tker
(46:06 / All) TheRulerOfBnet: in fact, I am reporting you for intent to tk
(46:09 / All) TheRulerOfBnet: as well as harassment
(46:18 / All) dlfjsrotlqkf: oh yeah, report!
(46:31 / All) TheRulerOfBnet: Yellow will you report this tker for me too?
(46:34 / All) dlfjsrotlqkf: bliz will never think that tker is me
(46:37 / All) TheRulerOfBnet: double the report means double fast the ban
(46:48 / All) GAVE-TRUMP-A-BJ: purple is reported for inappropriate conduct
(46:48 / All) dlfjsrotlqkf: hahaha
(46:50 / All) dlfjsrotlqkf: he bitch
(47:29 / All) TheRulerOfBnet: Purple, where are you from?
(47:48 / All) GAVE-TRUMP-A-BJ: green was 148-116 solo and he sucked
(47:55 / All) dlfjsrotlqkf: u know bliz has pronounced that all of report about tker, hack and etc ?
(47:57 / All) nh-: lol yellow giving up, he can't kill shit gg oj
(48:02 / All) nh-: hahahhaa
(48:04 / All) nh-: so bad
(48:06 / All) nh-: yellow
(48:08 / All) GAVE-TRUMP-A-BJ: out red
(48:10 / All) GAVE-TRUMP-A-BJ: out
(48:16 / All) nh-: HAHAHAHAHA
(48:19 / All) nh-: NICE OJ
(48:20 / All) GAVE-TRUMP-A-BJ: playstation 4 #1 biatch
(48:23 / All) TheRulerOfBnet: I think purple and red are tkers
(48:33 / All) nh-: oj how did you manage to beat yellow?
(48:38 / All) TheRulerOfBnet: Let's report both of them
(49:02 / All) TheRulerOfBnet: red you're gonna get banned trash
(49:42 / All) GAVE-TRUMP-A-BJ: orange is pro btw guys
(49:53 / All) GAVE-TRUMP-A-BJ: he set the record for apm in a game, 40k apm right?
(49:56 / All) dlfjsrotlqkf: OJ staying his main
(50:02 / All) TheRulerOfBnet: I think it was 1k
(50:07 / All) dlfjsrotlqkf: with 3 dragons, 5 wyverns
(50:16 / All) TheRulerOfBnet: make that 4 dragons
(50:17 / All) GAVE-TRUMP-A-BJ: die purple die
(50:25 / All) dlfjsrotlqkf: and he has 7139 gold, 205 wood
(50:30 / All) TheRulerOfBnet: I have 4 level 10 dragons
(50:32 / All) TheRulerOfBnet: like them?
(50:37 / All) dlfjsrotlqkf: He killed 2 wyverns
(50:51 / All) dlfjsrotlqkf: and added 1 dragon
(51:17 / All) TheRulerOfBnet: I just told you I have four dragons now
(51:25 / All) TheRulerOfBnet: I told everyone, you didn't have to
(51:34 / All) dlfjsrotlqkf: yellow
(51:37 / All) GAVE-TRUMP-A-BJ: yes?
(51:38 / All) dlfjsrotlqkf: what r u doing
(51:44 / All) GAVE-TRUMP-A-BJ: killing my base lol
(51:52 / All) dlfjsrotlqkf: huh
(51:57 / All) GAVE-TRUMP-A-BJ: buying my team zepplins for when me and orange leave
(52:03 / All) GAVE-TRUMP-A-BJ: cant leave them with nothing now can i
(53:00 / All) GAVE-TRUMP-A-BJ: greens moon wells!
(53:30 / All) GAVE-TRUMP-A-BJ: purple are you gonna stay
(53:38 / All) GAVE-TRUMP-A-BJ: donde esta stay
(53:40 / All) TheRulerOfBnet: he's gonna get banned
(53:45 / All) TheRulerOfBnet: he should enjoy his last game of war3
(54:08 / All) GAVE-TRUMP-A-BJ: from?
(55:20 / All) GAVE-TRUMP-A-BJ: jerkkk!
(55:24 / All) TheRulerOfBnet: lawl
(55:40 / All) GAVE-TRUMP-A-BJ: good luck everyone
(55:45 / All) GAVE-TRUMP-A-BJ: we'll whisper you tomorrow if game is still on
(56:00 / All) TheRulerOfBnet: enjoy your last time spent on battle.net, ya pricks
(56:05 / All) GAVE-TRUMP-A-BJ: may the best internet connection win
(56:08 / All) TheRulerOfBnet: don't have fun